 BcadrenCrawl: Boulder Brew version 0.04-3-g5ec7fb31a4 (webtiles) character file.

Game seed: 1957453280469163172, levelgen mode: deterministic

35 Chiseanne the Ducker (level 3, -4/25 HPs) Goblin Demonspawn. Began on Mar 22, 2021. Slain by a big kobold ... wielding a +0 short sword (9 damage) ... on level 1 of the Dungeon. The game lasted 00:01:22 (862 turns).

Chiseanne the Ducker (Goblin Demonspawn)             Turns: 862, Time: 00:01:23

Health: -4/25      AC:  9    Str:  8    XL:     3 ^: 19
Magic:  4/4        EV: 12    Int:  6    God:
Gold:   54         SH:  0    Dex:  6    Spells: 3/4 levels left

rFire    . . .     Vision   .   a - +0 long sword
rCold    . . .     Gourm    .   e - +0 short sword
rNeg     . . .     Faith    .   c - +0 scale mail
rPois    .         Spirit   .   (helmet restricted)
rElec    .         Reflect  .   (no cloak)
rCorr    .         Harm     .   (no gloves)
MR       .....                  f - +0 pair of boots
Stlth    ..........             (no amulet)
HPRegen  0.18/turn              (no ring)
MPRegen  0.14/turn              (no ring)

@: no status effects
A: small, stagnant stats, goblin's greed, horns 1, thin metallic scales 1, low
mp 1, mutation resistance 1, god's pity 2
a: no special abilities


You were on level 1 of the Dungeon.
You were not hungry.

You visited 1 branch of the dungeon, and saw 2 of its levels.

You collected 46 gold pieces.

Inventory:

Weapons
 a - a +0 long sword (weapon)
 e - a +0 short sword (weapon)
Armour
 c - a +0 scale mail (worn)
 f - a +0 pair of boots (worn)
Scrolls
 b - 2 scrolls of teleportation
Comestibles
 d - 3 rations


   Skills:
 * Level 2.5 Fighting
 - Level 2.6 Long Blades
 * Level 1.7 Armour
 * Level 4.5 Dodging
 - Level 2.6 Stealth
 - Level 1.3 Spellcasting
 - Level 2.6 Fire Magic
   Level 4.0 Invocations


You had 3 spell levels left.
You knew the following spells:

 Your Spells              Type           Power        Failure   Level  Hunger
a - Flame Tongue          Fire           3 (30)       41%         1    ##.....

Your spell library contained the following spells:

 Spells                   Type           Power        Failure   Level  Hunger
 Conjure Flame            Fire           3 (100)      80%         3    ####...
 Blink                    Tloc           N/A          90%         2    ###....
 Call Imp                 Summ           0 (100)      90%         2    ###....
 Slow                     Hex            0 (100)      90%         2    ###....
 Mephitic Cloud           Pois/Air       0 (100)      99%         3    ####...


Dungeon Overview and Level Annotations

Branches:
Dungeon (2/8)

Altars:
Fedhas Madash


Innate Abilities, Weirdness & Mutations

Your stats never grow through leveling.
Your goblin ancestry allows you to find more gold. (+20%)
You are small and have problems with some larger weapons.
You have a pair of small horns on your head.
You are partially covered in thin metallic scales. (AC +2)
Your magical capacity is low. (-10% MP)
You are somewhat resistant to further mutation.
The pity of the gods increases the power of your passive and invoked divine abilities.


Message History

You are too injured to fight recklessly!
You are too injured to fight recklessly!
You are too injured to fight recklessly!
You are too injured to fight recklessly!
You are too injured to fight recklessly!
The big kobold picks up a stone and throws it.
The stone hits you (3).
* * * LOW HITPOINT WARNING * * *
The big kobold picks up a piece of a broken weapon and throws it.
You closely miss the kobold. You hit the kobold (5).
You kill the kobold!
The big kobold picks up a piece of a broken weapon and throws it.
You start waiting.
The big kobold is too close now for your liking.
The big kobold hits you but does no damage.
You closely miss the big kobold. You barely miss the big kobold.
The big kobold hits you with a +0 short sword (4).
* * * LOW HITPOINT WARNING * * *
The big kobold hits you with a +0 short sword (9)!
You die...

.....# #..#.#.#
.....# #..#.#.#
.....# #....#.#
.....#### #.#..#.#
##......# #.#..#.#
##......# #.##.#.#
........# #..#...#
........# ##.#...#
........#####...@K#
................#†##
........######..#..#
†.......#.......#..##
........#.......#...#
##......#.........#.#
#......#.........≈>#
########.........≈##
#.......####


You could see a big kobold.

Vanquished Creatures
  A cinder newt (D:1)
  2 dart slugs (D:1)
  2 leopard geckos (D:1)
  2 bats (D:1)
  2 hobgoblins (D:1)
  5 kobolds
  5 goblins (D:1)
  4 rats (D:1)
23 creatures vanquished.

Vanquished Creatures (others)
  10 withered plants (D:2)
10 creatures vanquished.

Grand Total: 33 creatures vanquished

Notes
Turn   | Place    | Note
-------+----------+-------------------------------------------
     0 | D:1      | Chiseanne the Goblin Demonspawn began the quest for the
                  | Orb.
     0 | D:1      | Reached XP level 1. HP: 13/13 MP: 2/2
   156 | D:1      | Gained mutation: You are partially covered in thin metallic
                  | scales. (AC +2) [demonic ancestry]
   156 | D:1      | Reached XP level 2. HP: 19/19 MP: 3/3
   354 | D:1      | Reached skill level 1 in Armour
   385 | D:1      | Gained mutation: You have a pair of small horns on your
                  | head. [demonic ancestry]
   385 | D:1      | Reached XP level 3. HP: 24/24 MP: 4/4
   833 | D:2      | Found a blossoming altar of Fedhas.
   833 | D:2      | Noticed a big kobold
   862 | D:1      | Slain by a big kobold

Levels and vault maps discovered:
D:1:      mainiacjoe_arrival_reflecting_pool, layout_basic, serial_park_tiny_2,
          corexii_shack
D:2:      layout_sewer, grunt_temple_overflow_growth_and_decay,
          nicolae_qazlal_eye_of_the_storm

Skill      XL: |  1  2 |
---------------+-------+-----
Fighting       | 2 |  2.5
Armour         | 1 |  1.7
Long Blades    | |  2.6
Dodging        | |  4.5
Stealth        | |  2.6
Spellcasting   | |  1.3
Fire Magic     | |  2.6
Invocations    | |  4.0

Action                   || total
-------------------------++-------
Melee: Long sword        ||    51
       Unarmed           ||     4
       Whip              ||     2
       Short sword       ||    36
       Headbutt          ||     1
Armor: Scale mail        ||    27
       Leather armour    ||     1
Dodge: Dodged            ||    71
       Rpst.: Long sword ||    23
